 Dungeon Crawl Stone Soup version 0.20-a0-9-g62d82d9 (webtiles) character file.

126 Naow the Magician (level 4, 0/24 HPs)
             Began as a Deep Elf Fire Elementalist on Nov 1, 2016.
             Slain by Grinder (2 damage)
             ... while paralysed by Grinder
             ... on level 3 of the Dungeon.
             The game lasted 00:06:50 (2251 turns).

Naow the Magician (Deep Elf Fire Elementalist)      Turns: 2251, Time: 00:06:50

Health: 0/24       AC:  2    Str:  6    XL:     4   Next: 84%
Magic:  12/12      EV:  2    Int: 20    God:
Gold:   124        SH:  0    Dex: 20    Spells: 4 memorised, 2 levels left

rFire  . . .     SeeInvis .     h - +0 short sword
rCold  . . .     Gourm    .     a - +0 robe
rNeg   . . .     Faith    .     (no shield)
rPois  .         Spirit   .     (no helmet)
rElec  .         Reflect  .     (no cloak)
rCorr  .         Harm     .     (no gloves)
MR     .....                    (no boots)
Stlth  +++.......               (no amulet)
                                (no ring)
                                (no ring)

@: paralysed, agile, flying
A: no striking features
a: no special abilities


You were on level 3 of the Dungeon.
You were not hungry.

You visited 1 branch of the dungeon, and saw 3 of its levels.

You collected 124 gold pieces.

Inventory:

Hand Weapons
 h - a +0 short sword (weapon)
Armour
 a - a +0 robe (worn)
Rods
 k - a +0 rod of inaccuracy (12/12)
   (You found it on level 2 of the Dungeon)
Scrolls
 d - a scroll of enchant weapon {unknown}
 g - a scroll of teleportation {unknown}
 j - 4 scrolls of identify {unknown}
 n - a scroll of recharging {unknown}
Potions
 l - a potion of ambrosia
Books
 b - a book of Flames

   Spells                             Type                      Level
   a - Flame Tongue                   Conjuration/Fire             1
   b - Throw Flame                    Conjuration/Fire             2
   c - Conjure Flame                  Conjuration/Fire             3
   d - Inner Flame                    Hexes/Fire                   3
   e - Sticky Flame                   Conjuration/Fire             4
   f - Fireball                       Conjuration/Fire             5
 i - a book of Minor Magic

   Spells                             Type                      Level
   a - Magic Dart                     Conjuration                  1
   b - Blink                          Translocation                2
   c - Call Imp                       Summoning                    2
   d - Repel Missiles                 Charms/Air                   2
   e - Slow                           Hexes                        2
   f - Conjure Flame                  Conjuration/Fire             3
   g - Mephitic Cloud                 Conjuration/Poison/Air       3
Comestibles
 c - 2 bread rations
 f - a slice of pizza
 m - a beef jerky
 p - a meat ration


   Skills:
 + Level 3.4 Dodging
 - Level 2.4 Stealth
 + Level 4.4 Spellcasting
 + Level 2.3 Conjurations
 + Level 3.9 Fire Magic
 + Level 1.4 Air Magic


You had 2 spell levels left.
You knew the following spells:

 Your Spells              Type           Power        Failure   Level  Hunger
a - Flame Tongue          Conj/Fire      ###..        3%          1    None
b - Throw Flame           Conj/Fire      ###...       6%          2    #......
c - Conjure Flame         Conj/Fire      ###.....     12%         3    ###....
d - Mephitic Cloud        Conj/Pois/Air  #.......     24%         3    ###....


Dungeon Overview and Level Annotations

Branches:
Dungeon (3/15)

Altars:

Annotations:
D:3 Grinder


Message History

It was a potion of flight.
You feel very buoyant.
You fly up into the air.
You're too confused to move!
You closely miss Grinder.
Grinder is almost dead.
Grinder closely misses you.
You bump into the tree.
Grinder hits you!
You writhe in agony.
* * * LOW HITPOINT WARNING * * *
You're too confused to cast spells.
You feel less invigorated.
You feel less confused. Grinder gestures at you.
You suddenly lose the ability to move!
Grinder hits you!
* * * LOW HITPOINT WARNING * * *
You writhe in agony.
* * * LOW HITPOINT WARNING * * *
Grinder hits you.
You die...

..##........######..#
#.######..#########.#
#.# #..#.......#.#
#<# ####..#.♣♣5♣♣.#.#
#.###....[#.♣.♣.♣.#.#
#.....###.+..♣♣♣..'.#
##.#### #.#.♣.♣.♣.###
### #.#.♣♣5♣♣.#
###...@...# #########


You could see Grinder.

Vanquished Creatures
  An orc priest (D:2)
  3 gnolls (D:2)
  2 adders (D:2)
  2 dart slugs (D:2)
  An orc (D:2)
  4 giant cockroaches
  5 goblins
  5 hobgoblins
  6 jackals
  3 kobolds
  2 ball pythons
  3 bats
  3 frilled lizards (D:2)
  6 rats
46 creatures vanquished.

Notes
Turn   | Place    | Note
-------+----------+-------------------------------------------
     0 | D:1      | Naow the Deep Elf Fire Elementalist began the quest for the Orb.
     0 | D:1      | Reached XP level 1. HP: 10/10 MP: 6/6
   612 | D:1      | Reached XP level 2. HP: 15/15 MP: 5/8
  1018 | D:2      | Reached XP level 3. HP: 19/19 MP: 3/10
  1098 | D:2      | Learned a level 2 spell: Throw Flame
  1102 | D:2      | Learned a level 3 spell: Conjure Flame
  1106 | D:2      | Learned a level 3 spell: Mephitic Cloud
  1207 | D:2      | Reached skill level 4 in Spellcasting
  1210 | D:2      | Identified a +0 rod of inaccuracy (12/12) (You found it on level 2 of the Dungeon)
  1493 | D:2      | Reached XP level 4. HP: 24/24 MP: 2/12
  1659 | D:2      | Reached skill level 1 in Air Magic
  2203 | D:3      | Noticed Grinder
  2218 | D:3      | Paralysed by Grinder for 2 turns
  2249 | D:3      | Paralysed by Grinder for 4 turns
  2251 | D:3      | Slain by Grinder

Vault maps used:
D:1:      dpeg_arrival_boxes_within_box
D:3:      kennysheep_generic_room_9, uniq_grinder

Skill      XL: |  1  2  3  4 |
---------------+-------------+-----
Spellcasting   | 4 |  4.4
Conjurations   | 2 |  2.3
Dodging        | 3 |  3.4
Air Magic      | 1 |  1.4
Stealth        | |  2.4
Fire Magic     | |  3.9

Action                   |  1- 3 |  4- 6 || total
-------------------------+-------+-------++-------
Melee: Unarmed           |    19 |       ||    19
       Short sword       |     6 |    10 ||    16
 Cast: Flame Tongue      |    43 |     9 ||    52
       Throw Flame       |    17 |    30 ||    47
  Use: Potion            |       |     3 ||     3
  Eat: Chunk             |     2 |     3 ||     5
Armor: Robe              |    15 |     4 ||    19
Dodge: Dodged            |    66 |    20 ||    86
